Map: Shrines of Lizul

Players

ILIEKEGGPIE - Winner!

  • Race: Protoss Protoss
  • League: Platinum
  • Spawn Location: 6:00

olivier - Winner!

  • Race: Terran Terran
  • League: Gold
  • Spawn Location: 9:00

TheSkywalker

  • Race: Protoss Protoss
  • League: Gold
  • Spawn Location: 3:00

locotrocoii

  • Race: Protoss Protoss
  • Spawn Location: 12:00

VOD

Have the link to the VOD?

Description

Time

  • Played on: April 27, 2018, 3:18 p.m.
  • Length: 8:54
Show
View Real Time Build Order
Export as new Build Order

ILIEKEGGPIE Protoss - Winner!

Build Orders:  

Get SALT Encoding   

  12  0:06  Probe  
  13  0:18  Probe  
  14  0:23  Pylon  
  14  0:30  Probe  
  15  0:40  Probe  
  16  0:49  Probe  
  17  0:59  Gateway  
  17  1:04  Gateway  
  17  1:14  Probe  
  17  1:18  Assimilator  
  18  1:21  Pylon  
  18  1:22  Probe  
  18  1:32  Probe  
  20  1:44  Probe  
  21  1:50  Cybernetics Core  
  21  2:04  Assimilator  
  21  2:19  Forge  
  21  2:27  Stalker  
  23  2:41  Shield Battery  
  23  2:46  Warp Gate  
  23  2:48  Probe  
  24  3:00  Stalker  
  24  3:05  Stalker  
  28  3:16  Gateway  
  28  3:18  Gateway  
  28  3:22  Stalker  
  30  3:40  Probe  
  31  4:03  Pylon  
  31  4:04  Pylon  
  31  4:20  Stalker, Robotics Facility  
  31  4:21  Stalker x3  
  39  4:41  Stalker  
  39  4:51  Stalker  
  41  5:10  Probe  
  42  5:14  Immortal  
  42  5:27  Nexus  
  42  5:28  Pylon  
  46  5:50  Probe  
  46  5:53  Stalker x2, Immortal  
  55  6:06  Pylon  
  53  6:13  Probe  
  52  6:25  Probe  
  53  6:37  Probe  
  54  6:41  Immortal  
  58  7:28  Zealot x4  
  66  8:08  Probe x2  
  68  8:13  Assimilator  
  68  8:16  Probe  
  68  8:18  Assimilator  
  68  8:20  Probe  
  68  8:24  Probe  
  70  8:29  Pylon  
  70  8:32  Twilight Council, Probe, Pylon  
  72  8:34  Probe  
Show
View Real Time Build Order
Export as new Build Order

olivier Terran - Winner!

Build Orders:  

Get SALT Encoding   

  12  0:01  SCV  
  13  0:21  Supply Depot  
  13  0:46  Barracks  
  13  0:54  Barracks  
  13  0:55  Refinery, SCV  
  14  1:07  SCV  
  15  1:19  SCV  
  16  1:31  SCV  
  17  1:35  Supply Depot  
  17  1:36  Marine  
  18  1:44  Bunker  
  18  1:54  Marine  
  17  2:20  Marine  
  17  2:24  Bunker  
  17  2:27  Factory  
  17  2:30  Marine  
  18  2:38  Marine  
  20  2:53  Supply Depot  
  15  3:13  Factory Tech Lab  
  15  3:15  Marine  
  16  3:21  Marine  
  16  3:22  Supply Depot  
  17  3:32  Marine  
  18  3:37  Siege Tank  
  18  3:39  Marine  
  22  3:50  Marine  
  18  4:17  SCV  
  19  4:29  SCV  
  20  4:42  Siege Tank  
  23  4:49  SCV  
  24  4:58  Marine  
  25  5:05  SCV  
  26  5:16  Marine  
  25  5:49  Siege Tank  
  28  5:50  Marine  
  28  5:53  Marine  
  28  5:54  SCV  
  31  6:06  SCV  
  31  6:08  Marine  
  31  6:10  Marine  
  34  6:26  Marine  
  34  6:28  Marine  
  29  7:05  Marine  
  29  7:07  Siege Tank  
  33  7:08  Marine  
  33  7:10  SCV  
  35  7:18  Supply Depot  
  35  7:22  Marine, SCV  
  35  7:26  Marine  
  32  7:40  Marine  
  32  7:44  Marine  
  31  7:55  Siege Tank  
  31  7:57  SCV  
  31  7:58  Marine  
  35  8:02  Marine  
  37  8:09  Orbital Command  
  37  8:16  Marine  
  37  8:19  Marine  
  37  8:34  Marine  
  40  8:39  SCV  
  40  8:40  Refinery  
Show
View Real Time Build Order
Export as new Build Order

TheSkywalker Protoss 

Build Orders:  

Get SALT Encoding   

  12  0:01  Probe  
  13  0:13  Probe  
  14  0:25  Probe  
  15  0:40  Pylon  
  15  0:54  Probe  
  15  1:06  Gateway, Probe  
  15  1:11  Assimilator  
  16  1:18  Probe  
  17  1:28  Forge  
  17  1:30  Probe  
  18  1:32  Gateway  
  18  1:36  Pylon  
  18  1:42  Probe  
  19  1:54  Cybernetics Core  
  19  2:02  Protoss Ground Weapons Level 1  
  19  2:11  Assimilator  
  19  2:17  Warp Gate  
  19  2:23  Gateway  
  19  2:24  Gateway  
  19  3:12  Pylon  
  19  3:20  Probe  
  20  3:32  Probe  
  20  3:42  Stalker  
  20  3:43  Stalker  
  20  3:44  Probe  
  25  3:56  Probe  
  26  4:26  Stalker x2  
  30  4:36  Pylon  
  30  4:37  Pylon  
  30  4:39  Pylon  
  30  4:59  Stalker x4  
  35  5:26  Pylon  
  35  5:28  Pylon  
  27  5:55  Stalker  
  27  5:56  Stalker x3  
  28  6:13  Pylon  
  28  6:14  Pylon  
  28  6:16  Pylon  
  28  6:17  Pylon  
  28  6:19  Pylon  
  28  6:21  Zealot  
  30  6:29  Protoss Ground Armor Level 1  
  30  6:33  Zealot x3  
  36  6:48  Zealot  
  32  7:07  Twilight Council  
  32  7:09  Gateway  
  32  7:10  Gateway  
  32  7:12  Gateway  
  26  7:48  Photon Cannon  
  26  7:49  Photon Cannon  
  20  7:52  Zealot  
  20  7:54  Photon Cannon  
  22  8:22  Zealot x2  
  26  8:31  Zealot x2  
  30  8:42  Zealot  
Show
View Real Time Build Order
Export as new Build Order

locotrocoii Protoss 

Build Orders:  

Get SALT Encoding   

  1  0:00  Probe  
  13  0:08  Probe  
  14  0:20  Pylon  
  14  0:43  Pylon  
  14  0:47  Probe, Forge  
  15  1:00  Probe  
  16  1:24  Photon Cannon  
  16  1:27  Photon Cannon  
  16  1:50  Pylon  
  16  1:58  Pylon  
  16  2:11  Photon Cannon  
  16  2:17  Pylon  
  16  2:22  Photon Cannon  
  16  2:24  Photon Cannon  
  16  2:25  Photon Cannon  
  16  2:35  Pylon  
  16  2:41  Probe  
  16  2:43  Photon Cannon  
  16  2:49  Probe  
  18  3:02  Photon Cannon  
  18  3:05  Photon Cannon  
  18  3:17  Pylon  
  18  3:20  Pylon  
  18  3:37  Photon Cannon  
  15  4:28  Pylon  
  15  4:39  Probe  
  15  4:41  Assimilator  
  16  4:46  Assimilator  
  16  4:47  Probe  
  16  4:50  Photon Cannon  
  17  4:54  Photon Cannon  
  17  4:56  Probe  
  18  5:04  Gateway, Probe  
  18  5:09  Pylon  
  18  5:13  Pylon  
  19  5:19  Nexus  
  19  6:13  Pylon  
  19  6:14  Pylon  
  19  6:17  Pylon  
  19  6:18  Pylon  
  2  7:12  Probe  
  2  7:16  Gateway  
  2  7:20  Probe  
  4  7:30  Probe  
  5  7:42  Probe  
  6  7:52  Probe  
  6  8:00  Probe  
  7  8:09  Probe  
  8  8:20  Probe  
  9  8:33  Probe  
  10  8:41  Probe  
Tags
 
Add a new tag
Caveats
  • Supply blocks, unpowered buildings, or Contaminate may cause inaccurate times.
  • Supply counts are checked every 10 seconds.